Map: 莱瑞拉克之冠

Players

shengy

  • Race: Zerg Zerg
  • League: Gold

UnicornJedi - Winner!

  • Race: Protoss Protoss
  • League: Platinum

VOD

Have the link to the VOD?

Description

Time

  • Played on: Dec. 5, 2015, 11:02 p.m.
  • Length: 13:42
Show
View Real Time Build Order
Export as new Build Order

shengy Zerg 

Build Orders: Pool First, Lurkers 

Get SALT Encoding   

  12  0:08  Drone  
  12  0:11  Drone  
  14  0:20  Overlord  
  14  0:27  Overlord  
  14  0:39  Drone  
  14  0:42  Drone  
  16  0:52  Spawning Pool  
  16  0:55  Extractor  
  14  0:57  Drone  
  15  1:04  Drone  
  16  1:15  Drone  
  17  1:23  Drone  
  18  1:35  Drone  
  18  1:39  Queen  
  21  1:45  Zergling x2  
  22  2:00  Hatchery  
  22  2:01  Drone  
  22  2:08  Drone  
  23  2:16  Lair  
  23  2:22  Roach Warren  
  22  2:23  Drone  
  23  2:36  Drone  
  24  2:38  Drone  
  25  2:51  Overlord  
  25  2:52  Overlord  
  25  3:04  Roach x2  
  29  3:14  Hatchery  
  29  3:18  Glial Reconstitution  
  28  3:27  Queen  
  28  3:32  Drone x2  
  32  3:35  Overseer  
  32  3:38  Drone  
  33  3:41  Drone  
  33  3:44  Drone  
  35  3:58  Drone  
  35  3:59  Drone x4  
  40  4:03  Zergling x2  
  40  4:18  Roach x2  
  40  4:19  Roach x3  
  50  4:26  Baneling Nest  
  50  4:31  Spine Crawler  
  45  4:50  Roach x3  
  51  5:04  Zergling x6  
  54  5:12  Roach  
  56  5:14  Overlord x2  
  48  5:37  Burrow  
  48  5:54  Extractor  
  48  5:56  Drone x3  
  48  5:57  Extractor  
  48  6:07  Drone x3  
  48  6:10  Queen  
  51  6:23  Spine Crawler x3  
  51  6:24  Queen  
  50  6:42  Spore Crawler  
  51  6:48  Queen  
  51  6:54  Drone x3  
  56  7:13  Roach  
  55  7:35  Hatchery  
  54  7:43  Hydralisk Den, Extractor x2  
  51  8:27  Drone x3  
  54  8:57  Muscular Augments  
  54  8:58  Hydralisk  
  54  8:59  Hydralisk x3  
  60  9:07  Drone  
  61  9:16  Hydralisk x3  
  65  9:21  Drone x6  
  70  9:30  Queen  
  72  9:33  Drone x2  
  74  9:41  Overlord x3  
  74  10:12  Lurker Den  
  70  10:19  Drone x2  
  70  10:20  Drone x3  
  75  10:22  Drone x2  
  77  10:31  Hatchery, Overlord  
  77  10:32  Hydralisk  
  77  10:33  Hydralisk x2  
  82  10:39  Drone  
  83  10:51  Roach  
  83  10:52  Roach x2  
  83  10:55  Hydralisk  
  91  11:20  Drone x3  
  94  11:29  Spawning Pool  
  93  11:40  Hydralisk x6  
  93  11:43  Overlord  
  105  11:47  Overseer  
  105  11:53  Lurker x2  
  105  11:54  Lurker x3  
  110  12:02  Overlord  
  110  12:03  Overlord  
  110  12:15  Drone x6  
  116  12:22  Drone  
  117  12:23  Drone x3  
  117  12:28  Hydralisk  
  122  12:39  Hydralisk Den  
  113  13:11  Hydralisk x8  
  113  13:12  Hydralisk x4  
  127  13:13  Hydralisk  
  127  13:18  Roach x3  
Show
View Real Time Build Order
Export as new Build Order

UnicornJedi Protoss - Winner!

Build Orders:  

Get SALT Encoding   

  12  0:02  Probe (Chrono Boost)  
  13  0:17  Probe (Chrono Boost)  
  14  0:33  Pylon  
  14  0:35  Probe (Chrono Boost)  
  15  0:51  Probe (Chrono Boost), Assimilator  
  16  1:02  Probe (Chrono Boost)  
  17  1:12  Probe (Chrono Boost)  
  17  1:18  Nexus  
  18  1:28  Gateway  
  17  1:54  Gateway, Probe (Chrono Boost)  
  17  1:56  Gateway  
  17  1:58  Pylon  
  18  2:05  Probe (Chrono Boost)  
  19  2:15  Zealot (Chrono Boost)  
  19  2:20  Gateway  
  21  2:23  Probe  
  21  2:29  Probe  
  22  2:36  Probe  
  28  2:44  Zealot (Chrono Boost)  
  28  2:48  Zealot x2 (Chrono Boost)  
  28  2:50  Probe  
  30  2:55  Probe  
  32  3:07  Pylon  
  32  3:08  Zealot (Chrono Boost)  
  32  3:09  Probe  
  39  3:13  Probe, Zealot (Chrono Boost)  
  39  3:15  Zealot (Chrono Boost)  
  40  3:27  Probe  
  40  3:28  Probe  
  40  3:31  Zealot x2 (Chrono Boost)  
  46  3:37  Probe  
  46  3:40  Probe, Zealot (Chrono Boost)  
  50  3:48  Pylon, Probe  
  50  3:51  Cybernetics Core  
  50  3:54  Probe  
  54  3:57  Zealot (Chrono Boost)  
  54  3:58  Assimilator  
  54  4:09  Zealot (Chrono Boost)  
  58  4:12  Zealot (Chrono Boost)  
  58  4:14  Probe  
  58  4:16  Probe  
  62  4:28  Zealot (Chrono Boost)  
  62  4:33  Pylon  
  62  4:46  Probe  
  63  4:55  Zealot (Chrono Boost)  
  54  5:10  Zealot (Chrono Boost)  
  54  5:13  Zealot (Chrono Boost)  
  54  5:14  Zealot (Chrono Boost)  
  53  5:22  Probe, Zealot (Chrono Boost)  
  53  5:24  Probe  
  53  5:27  Forge  
  49  5:32  Probe  
  49  5:33  Zealot (Chrono Boost)  
  48  5:36  Probe  
  48  5:40  Zealot (Chrono Boost)  
  48  5:41  Zealot (Chrono Boost)  
  48  5:42  Mothership Core  
  51  5:48  Probe  
  48  6:04  Photon Cannon  
  48  6:08  Photon Cannon  
  48  6:12  Photon Cannon  
  48  6:17  Photon Cannon  
  48  6:21  Photon Cannon  
  48  6:25  Photon Cannon  
  46  6:28  Probe  
  46  6:30  Probe  
  46  6:31  Assimilator  
  46  6:32  Pylon  
  46  6:43  Photon Cannon  
  46  6:45  Assimilator  
  40  7:28  Probe  
  40  7:29  Probe  
  40  7:34  Robotics Facility  
  40  7:35  Robotics Facility  
  34  7:38  Probe  
  34  7:41  Probe  
  36  7:44  Photon Cannon  
  36  7:46  Photon Cannon  
  36  7:49  Photon Cannon, Probe  
  37  7:53  Adept (Chrono Boost)  
  37  7:54  Probe  
  37  7:56  Adept (Chrono Boost), Sentry (Chrono Boost)  
  37  7:58  Adept (Chrono Boost)  
  46  8:05  Probe  
  46  8:07  Probe  
  48  8:13  Pylon  
  48  8:15  Pylon, Probe  
  49  8:27  Immortal x2 (Chrono Boost)  
  57  8:31  Probe x2  
  57  8:32  Protoss Ground Weapons Level 1  
  57  9:00  Probe x2  
  59  9:10  Warp Prism (Chrono Boost)  
  59  9:11  Immortal (Chrono Boost)  
  59  9:12  Probe  
  59  9:13  Probe  
  67  9:24  Probe  
  67  9:27  Assimilator  
  68  9:39  Zealot x3  
  68  9:40  Zealot  
  68  9:42  Immortal (Chrono Boost)  
  80  9:51  Warp Gate (Chrono Boost)  
  80  9:57  Pylon  
  80  9:58  Immortal (Chrono Boost)  
  84  10:15  Zealot x2  
  84  10:16  Observer (Chrono Boost)  
  89  10:28  Robotics Bay, Zealot x2  
  93  10:32  Observer (Chrono Boost)  
  93  10:34  Immortal (Chrono Boost)  
  93  10:35  Photon Cannon  
  98  10:36  Pylon  
  98  10:39  Photon Cannon  
  98  10:42  Zealot x2  
  102  10:51  Protoss Ground Armor Level 1  
  102  11:22  Disruptor  
  102  11:26  Warp Prism  
  102  11:27  Nexus  
  102  11:30  Assimilator  
  107  11:40  Probe x2  
  109  11:52  Probe  
  110  12:18  Pylon x2  
  110  12:20  Pylon  
  110  12:24  Photon Cannon  
  110  12:35  Colossus  
  110  12:36  Zealot x3  
  122  12:37  Colossus  
  121  12:49  Pylon  
Tags
 
Add a new tag
Caveats
  • Supply blocks, unpowered buildings, or Contaminate may cause inaccurate times.
  • Supply counts are checked every 10 seconds.